 Dungeon Crawl Stone Soup version 0.30-a0-459-g9104f0fc43 (webtiles) character file.

Game seed: 16011482590227306771

1070 cforsyth the Ruffian (level 8, -19/79 HPs)
             Began as a Troll Fighter on Dec 16, 2022.
             Demolished by an ogre
             ... wielding a +0 giant club
              (28 damage)
             ... on level 6 of the Dungeon.
             The game lasted 00:04:28 (3553 turns).

cforsyth the Ruffian (Troll Fighter)                Turns: 3553, Time: 00:04:28

Health: -19/79     AC:  4    Str: 25    XL:     8   Next: 7%
Magic:  7/7        EV:  9    Int:  6    God:
Gold:   298        SH:  9    Dex: 14    Spells: 7/7 levels left

rFire   . . .      SeeInvis .    p - +11 dagger of Yredelemnul's Regard {spect, Dex+5}
rCold   . . .      Faith    .    b - +0 kite shield
rNeg    . . .      Spirit   .    a - +0 robe
rPois   .          Reflect  .    (helmet restricted)
rElec   .          Harm     .    (no cloak)
rCorr   .          Rampage  .    (gloves unavailable)
Will    .....                    (boots unavailable)
Stlth   +.........               (no amulet)
HPRegen 1.13/turn                (no ring)
MPRegen 0.10/turn                (no ring)

@: no status effects
A: large, unfitting armour, claws 3, regeneration 1, shaggy fur 1, tough skin 1
a: no special abilities


You were on level 6 of the Dungeon.
You visited 1 branch of the dungeon, and saw 6 of its levels.

You collected 298 gold pieces.

Inventory:

Hand Weapons
 p - the +11 dagger of Yredelemnul's Regard (weapon) {spect, Dex+5}
   (You found it on level 2 of the Dungeon)

   When its wielder attacks, the weapon's spirit leaps out and strikes again.
   The spirit shares a part of any damage it takes with its wielder.
   Dex:       It affects your dexterity (+5).
Armour
 a - a +0 robe (worn)
 b - a +0 kite shield (worn)
Jewellery
 o - the ring "Egasible" {*Slow +Blink MP+9 Int+5}
   (You found it on level 2 of the Dungeon)

   [ring of magical power]

   Int:       It affects your intelligence (+5).
   MP:        It affects your magic capacity (+9).
   +Blink:    It lets you blink.
   *Slow:     It may slow you when you take damage.
Scrolls
 d - 12 scrolls of identify {unknown}
 e - a scroll of amnesia {unknown}
 f - 9 scrolls of teleportation {unknown}
 g - a scroll of noise {unknown}
 k - 3 scrolls of fear {unknown}
 l - 2 scrolls of enchant weapon {unknown}
 r - a scroll of immolation {unknown}
 v - a scroll of magic mapping {unknown}
Potions
 c - 3 potions of might
 h - 2 potions of curing {unknown}
 i - 2 potions of degeneration {unknown}
 j - 3 potions of heal wounds {unknown}
 m - a potion of lignification {unknown}
 n - 2 potions of haste {unknown}
 q - 2 potions of mutation {unknown}
 s - a potion of flight {unknown}
 t - a potion of attraction {unknown}
 u - a potion of brilliance {unknown}


   Skills:
 + Level 4.6 Fighting
 - Level 3.0 Dodging
 + Level 5.1 Shields
 * Level 6.5 Unarmed Combat


You had 7 spell levels left.
You didn't know any spells.
Your spell library contained the following spells:

 Spells                   Type           Power      Damage    Failure   Level
 Slow                     Hex            0%         N/A       73%         1
 Cigotuvi's Dreadful Rot  Necr/Pois/Air  0%         N/A       86%         2
 Poisonous Vapours        Pois/Air       0%         N/A       86%         2
 Sublimation of Blood     Necr           0%         N/A       86%         2
 Confusing Touch          Hex            0%         N/A       97%         3
 Ignite Poison            Fire/Tmut/Pois 0%         N/A       97%         3
 Mephitic Cloud           Conj/Pois/Air  0%         N/A       97%         3
 Vampiric Draining        Necr           0%         2d6       97%         3
 Petrify                  Tmut/Erth      0%         N/A       100%        4
 Sticky Flame             Conj/Fire      0%         2d3       100%        4
 Irradiate                Conj/Tmut      0%         3d11      100%        5
 Ignition                 Fire           0%         3d3       100%        8


Dungeon Overview and Level Annotations

Branches:
Dungeon (6/15)
 Temple: D:4-7

Altars:
Gozag
Qazlal
Sif Muna
Yredelemnul
The Shining One

Shops:
D:4 [


Innate Abilities, Weirdness & Mutations

You are too large for most types of armour.
You have claws for hands.
Your natural rate of healing is unusually fast.
You are covered in fur. (AC +1)
You have tough skin. (AC +1)


Message History

The two-headed ogre hits you with a +0 giant club!!
The two-headed ogre hits you with a +0 giant club!
You are too injured to fight recklessly!
You are too injured to fight recklessly!
You are too injured to fight recklessly!
You are too injured to fight recklessly!
You are too injured to fight recklessly!
You are too injured to fight recklessly!
You are too injured to fight recklessly!
You are too injured to fight recklessly!
You hit the two-headed ogre.
The two-headed ogre is lightly wounded.
Your +11 dagger of Yredelemnul's Regard {spect, Dex+5} barely misses the two-headed ogre.
You puncture the two-headed ogre!
The two-headed ogre is moderately wounded.
Your +11 dagger of Yredelemnul's Regard {spect, Dex+5} hits the two-headed ogre.
The two-headed ogre hits you with a +0 giant club.
The two-headed ogre hits you with a +0 giant club!
* * * LOW HITPOINT WARNING * * *
The ogre closely misses your +11 dagger of Yredelemnul's Regard {spect, Dex+5}.
The two-headed ogre attacks as you move away!
You block the two-headed ogre's attack.
The two-headed ogre hits you with a +0 giant club!
* * * LOW HITPOINT WARNING * * *
You barely miss the two-headed ogre.
The two-headed ogre is moderately wounded.
Your +11 dagger of Yredelemnul's Regard {spect, Dex+5} hits the two-headed ogre!
You block the two-headed ogre's attack.
The two-headed ogre hits you with a +0 giant club!
* * * LOW HITPOINT WARNING * * *
You hit the two-headed ogre.
The two-headed ogre is heavily wounded.
Your +11 dagger of Yredelemnul's Regard {spect, Dex+5} hits the two-headed ogre!
Unknown command.
You puncture the ogre!
The ogre is moderately wounded.
Your +11 dagger of Yredelemnul's Regard {spect, Dex+5} hits the ogre.
You block the two-headed ogre's attack. x2
The ogre hits you with a +0 giant club!!
You die...

#..#..#.._..#.#
##.##.#.....#.#
#.##.#.....#.#
#..#.#######.#
#............#
#.............
##.......:.....
#..............
#...ยง@(.........
#....OO......
...............
...............
..#............
.###...####....
##.. #### #.. ...


You could see a two-headed ogre, an ogre and a friendly +11 dagger of
Yredelemnul's Regard {spect, Dex+5} (summoned).

Vanquished Creatures
  Edmund (D:4)
  2 black bears (D:5)
  2 ogres (D:5)
  3 scorpions (D:5)
  A hound (D:5)
  An orc priest (D:4)
  A gnoll bouda (D:5)
  2 iguanas
  3 orc wizards
  6 gnolls (D:5)
  6 adders
  A shadow imp (D:5)
  An ufetubus (D:6)
  3 dart slugs
  9 orcs
  4 ball pythons
  5 bats
  6 endoplasms
  6 giant cockroaches
  6 goblins
  8 hobgoblins
  A jackal (D:1)
  6 quokkas
  4 kobolds
  7 rats
95 creatures vanquished.

Notes
Turn   | Place    | Note
-------+----------+-------------------------------------------
     0 | D:1      | cforsyth the Troll Fighter began the quest for the Orb.
     0 | D:1      | Reached XP level 1. HP: 22/22 MP: 0/0
    93 | D:1      | Reached XP level 2. HP: 29/29 MP: 1/1
   736 | D:2      | Reached XP level 3. HP: 34/36 MP: 2/2
  1116 | D:2      | Identified the ring "Egasible" {*Slow +Blink MP+9 Int+5}
  1151 | D:2      | Identified the +11 dagger of Yredelemnul's Regard {spect,
                  | Dex+5}
  1394 | D:3      | Reached XP level 4. HP: 44/44 MP: 3/3
  1569 | D:3      | Found a shimmering blue altar of Sif Muna.
  1808 | D:3      | Reached skill level 3 in Unarmed Combat
  1838 | D:3      | Found a faded altar of an unknown god.
  2062 | D:4      | Found a stormy altar of Qazlal.
  2125 | D:4      | Found a glowing golden altar of the Shining One.
  2198 | D:4      | Reached XP level 5. HP: 53/53 MP: 4/4
  2198 | D:4      | Noticed Edmund
  2207 | D:4      | Killed Edmund
  2208 | D:4      | Reached skill level 4 in Unarmed Combat
  2247 | D:4      | Reached XP level 6. HP: 61/61 MP: 5/5
  2625 | D:4      | Found Cubap's Armour Boutique.
  2781 | D:5      | Entered Level 5 of the Dungeon
  2964 | D:5      | Reached skill level 5 in Unarmed Combat
  2967 | D:5      | Reached XP level 7. HP: 50/68 MP: 6/6
  3061 | D:5      | Found a basalt altar of Yredelemnul.
  3222 | D:5      | Reached skill level 6 in Unarmed Combat
  3296 | D:5      | Reached skill level 5 in Shields
  3346 | D:5      | Reached XP level 8. HP: 67/79 MP: 7/7
  3517 | D:6      | Found an opulent altar of Gozag.
  3543 | D:6      | Noticed a two-headed ogre
  3553 | D:6      | Demolished by an ogre

Illustrated notes

Levels and vault maps discovered:
D:1:      lemuel_arrival_funnel, layout_basic, minmay_pentomino_v4
D:2:      layout_basic, kennysheep_minor_cross
D:3:      layout_loops_ring, led_sif_pool, hellmonk_ecumenical_altar_run_dry,
          minmay_fountain_box
D:4:      layout_loops_ring, mainiacjoe_overflow_concentric_impassable,
          nicolae_tso_carved_into_rock, serial_shops,
          nicolae_shop_window_shopping, uniq_edmund
D:5:      layout_cave_pools, nicolae_overflow_hidden_temple, minmay_puff
D:6:      layout_cave_pods, amcnicky_altar_gilded

Skill      XL: |  1  2  3  4  5  6  7 |
---------------+----------------------+-----
Shields        | 3 4 5 |  5.1
Fighting       | 3 4 |  4.6
Dodging        | 3 |  3.0
Unarmed Combat | 3 4 5 6 |  6.5

Action                   |  1- 3 |  4- 6 |  7- 9 || total
-------------------------+-------+-------+-------++-------
Melee: Unarmed           |   103 |       |       ||   103
       Dagger            |     5 |    68 |    37 ||   110
 Stab: Sleeping          |       |     1 |       ||     1
Armor: Robe              |    32 |    12 |     4 ||    48
Dodge: Dodged            |    31 |    16 |    14 ||    61
Block: Kite shield       |    35 |    29 |    20 ||    84

Table legend: (Time is in decaauts)
 A = Elapsed time spent in this place.
 B = Non-inter-level travel time spent in this place.
 C = Inter-level travel time spent in this place.
 D = Time resting spent in this place.
 E = Time spent auto-exploring this place.
 F = Levels seen in this place.
 G = Mean time per level.
                   A        B        C        D        E       F      G
               +--------+--------+--------+--------+--------+-----+--------+
         Total |   3574 |   3408 |    166 |      0 |   2773 |   6 |  595.7 |
       Dungeon |   3574 |   3408 |    166 |      0 |   2773 |   6 |  595.7 |
               +--------+--------+--------+--------+--------+-----+--------+

Top non-repeatable levels by time:
     D:2: 759 daAuts
     D:4: 730 daAuts
     D:5: 688 daAuts
     D:3: 666 daAuts
     D:1: 640 daAuts
     D:6: 88 daAuts
